 Dungeon Crawl Stone Soup version 0.19.5 (webtiles) character file.

872 ghjk the Chopper (level 7, -1/61 HPs)
             Began as a Minotaur Fighter on Apr 17, 2017.
             Was a Follower of Okawaru.
             Slain by a troll (10 damage)
             ... on level 5 of the Dungeon.
             The game lasted 00:06:55 (3168 turns).

ghjk the Chopper (Minotaur Fighter)                 Turns: 3168, Time: 00:06:55

Health: -1/61      AC:  7    Str: 28    XL:     7   Next: 74%
Magic:  6/6        EV:  9    Int:  5    God:    Okawaru [*.....]
Gold:   364        SH: 10    Dex:  9    Spells: 0 memorised, 6 levels left

rFire  . . .     SeeInvis .     a - +0 war axe
rCold  . . .     Gourm    .     b - +0 scale mail
rNeg   . . .     Faith    .     c - +0 shield
rPois  .         Spirit   .     (helmet restricted)
rElec  .         Reflect  .     (no cloak)
rCorr  .         Harm     .     (no gloves)
MR     .....                    (no boots)
Stlth  ..........               (no amulet)
                                (no ring)
                                (no ring)

@: mighty
A: retaliatory headbutt, horns 2
a: Heroism, Renounce Religion


You were on level 5 of the Dungeon.
You worshipped Okawaru.
Okawaru was aware of your devotion.
You were not hungry.

You visited 2 branches of the dungeon, and saw 6 of its levels.

You collected 364 gold pieces.

Inventory:

Hand Weapons
 a - a +0 war axe (weapon)
Armour
 b - a +0 scale mail (worn)
 c - a +0 shield (worn)
Jewellery
 e - an uncursed ring of wizardry {unknown}
 m - an uncursed ring of ice {unknown}
 o - an uncursed ring of flight
 r - an uncursed ring of stealth
Wands
 q - a wand of disintegration (12/24)
 s - a wand of lightning (8/15)
Scrolls
 g - a scroll of remove curse
 h - 4 scrolls of identify
 i - 4 scrolls of recharging
 n - a scroll of enchant weapon {unknown}
Potions
 j - a potion of brilliance {unknown}
 l - a potion of heal wounds
 p - 2 potions of curing
Comestibles
 f - 6 bread rations
 k - 4 fruits


   Skills:
 + Level 5.4 Fighting
 + Level 6.8 Axes
 + Level 6.1 Armour
 + Level 2.7 Dodging
 + Level 0.6 Stealth
 + Level 5.3 Shields


You had 6 spell levels left.
You didn't know any spells.

Dungeon Overview and Level Annotations

Branches:
Dungeon (5/15)             Temple (1/1) D:4

Altars:
Ashenzari
Fedhas
Kikubaaqudgha
Makhleb
Okawaru
Trog
Uskayaw
Vehumet
Xom
Yredelemnul
The Shining One
Jiyva


Innate Abilities, Weirdness & Mutations

You reflexively headbutt those who attack you in melee.
You have a pair of horns on your head.


Message History

You block the troll's attack.
You hit the troll.
The troll is severely wounded.
You block the troll's attack. x2; The troll completely misses you.
You barely miss the troll.
The troll is severely wounded.
The troll bites you but does no damage. The troll closely misses you.
You block the troll's attack.
You closely miss the troll.
The troll is severely wounded.
The troll bites you.
* * * LOW HITPOINT WARNING * * *
The troll claws you but does no damage. You block the troll's attack.
The troll bites you but does no damage. The troll claws you!
* * * LOW HITPOINT WARNING * * *
You block the troll's attack.
You slash the troll!
The troll is almost dead.
You block the troll's attack. The troll claws you!
You die...

+#####.#####...# #
.............## .##
.............#. ..#
.............#. ###.#
.............#. ##.#.#
.........?...#. ##.#..#
.............#Z #.###.#
#####...###+##T####.#..#
#...###..#.@.#.###.#
#........##?#.#.#..#
+.........########.#
#..............)...#
##+####...##<....)##
######....### ######


You could see a troll and an adder skeleton.

Vanquished Creatures
  The ghost of Doomgape the Cutter, a novice HEFi (D:4)
  Eustachio (D:4)
  Edmund (D:4)
  An ice beast (D:4)
  An orc priest (D:4)
  An iguana (D:5)
  An orc wizard (D:4)
  2 worker ants (D:4)
  9 adders
  2 worms
  4 leopard geckos
  5 orcs
  4 bats
  3 giant cockroaches
  6 goblins
  2 hobgoblins (D:1)
  7 jackals
  A kobold (D:1)
  2 ball pythons (D:1)
  5 frilled lizards
  A jackal skeleton (D:4)
  2 rats (D:3)
62 creatures vanquished.

Notes
Turn   | Place    | Note
-------+----------+-------------------------------------------
     0 | D:1      | ghjk the Minotaur Fighter began the quest for the Orb.
     0 | D:1      | Reached XP level 1. HP: 19/19 MP: 0/0
   144 | D:1      | Reached XP level 2. HP: 23/27 MP: 1/1
   588 | D:2      | Reached XP level 3. HP: 23/33 MP: 2/2
  1014 | D:3      | Found a radiant altar of Vehumet.
  1060 | D:3      | Reached XP level 4. HP: 34/40 MP: 3/3
  1702 | D:4      | Noticed Edmund
  1797 | D:4      | Killed Edmund
  1797 | D:4      | Reached skill level 5 in Armour
  1797 | D:4      | Reached skill level 1 in Dodging
  1797 | D:4      | Reached XP level 5. HP: 19/47 MP: 4/4
  1907 | D:4      | Found a staircase to the Ecumenical Temple.
  1908 | D:4      | Noticed Eustachio
  1926 | D:4      | Killed Eustachio
  1926 | D:4      | Reached skill level 5 in Axes
  1926 | D:4      | Reached XP level 6. HP: 36/55 MP: 5/5
  1949 | Temple   | Entered the Ecumenical Temple
  1993 | Temple   | Became a worshipper of Warmaster Okawaru
  2060 | D:4      | Noticed Doomgape's ghost (novice HEFi)
  2069 | D:4      | Killed Doomgape's ghost
  2069 | D:4      | Reached skill level 5 in Fighting
  2069 | D:4      | Reached skill level 5 in Shields
  2069 | D:4      | Reached XP level 7. HP: 48/61 MP: 6/6
  2456 | D:4      | Found a basalt altar of Yredelemnul.
  2540 | D:4      | Reached * piety under Okawaru
  3044 | D:5      | Entered Level 5 of the Dungeon
  3159 | D:5      | Noticed a troll
  3168 | D:5      | Slain by a troll

Skill      XL: |  1  2  3  4  5  6  7 |
---------------+----------------------+-----
Armour         | 4 5 6 |  6.1
Fighting       | 4 5 |  5.4
Shields        | 4 5 |  5.3
Axes           | 3 4 5 6 |  6.8
Dodging        | 1 2 |  2.7
Stealth        | |  0.6

Action                   |  1- 3 |  4- 6 |  7- 9 || total
-------------------------+-------+-------+-------++-------
Melee: War axe           |   109 |    62 |    65 ||   236
       Headbutt          |    12 |     9 |     7 ||    28
  Use: Scroll            |    11 |     3 |       ||    14
       Potion            |       |     2 |     1 ||     3
  Eat: Chunk             |     1 |     3 |     1 ||     5
       Beef jerky        |       |       |     2 ||     2
Armor: Scale mail        |    48 |    20 |    26 ||    94
Dodge: Dodged            |    38 |    23 |    20 ||    81
Block: Shield            |    57 |    29 |    37 ||   123
